[gd_resource type="Resource" script_class="ProgressTier" load_steps=22 format=3 uid="uid://bqe6rhy64do38"]

[ext_resource type="Resource" uid="uid://bvp8yldlbvrip" path="res://db/cards/card_M.tres" id="1_ng1yg"]
[ext_resource type="Resource" uid="uid://civs0a0escp3" path="res://db/cards/card_N.tres" id="2_inx4q"]
[ext_resource type="Resource" uid="uid://oa86q0dmjxkl" path="res://db/cards/card_O.tres" id="3_ayspv"]
[ext_resource type="Resource" uid="uid://duw6aqideyi5k" path="res://db/sheeps/sheep_8.tres" id="4_hi85c"]
[ext_resource type="Resource" uid="uid://2vjg0gilc8vt" path="res://db/sheeps/sheep_9.tres" id="5_7cgck"]
[ext_resource type="Resource" uid="uid://j4c7ekcsouh" path="res://db/sheeps/sheep_10.tres" id="6_4uysm"]
[ext_resource type="Script" path="res://model/progress_tier.gd" id="6_mrlt5"]
[ext_resource type="Texture2D" uid="uid://c5hbcyrndj8p2" path="res://assets/backgrounds/night/props/bones_1.png" id="7_logxf"]
[ext_resource type="Texture2D" uid="uid://bw407cfgosql5" path="res://assets/backgrounds/night/props/bones_2.png" id="8_mi78b"]
[ext_resource type="Texture2D" uid="uid://do1xkcolw1gm2" path="res://assets/backgrounds/night/props/bones_3.png" id="9_8bshq"]
[ext_resource type="Texture2D" uid="uid://ci5ehlptggdc6" path="res://assets/backgrounds/night/props/bones_4.png" id="10_ggjh1"]
[ext_resource type="Texture2D" uid="uid://cee4uubuchylv" path="res://assets/backgrounds/night/props/house_1.png" id="11_jts4a"]
[ext_resource type="Texture2D" uid="uid://dql40pkqtsul1" path="res://assets/backgrounds/night/props/house_2.png" id="12_44l5q"]
[ext_resource type="Texture2D" uid="uid://cqfaiho210ht6" path="res://assets/backgrounds/night/props/house_3.png" id="13_3fcuy"]
[ext_resource type="Texture2D" uid="uid://clqpjmsnehkgw" path="res://assets/backgrounds/night/props/rock_1.png" id="14_i772i"]
[ext_resource type="Texture2D" uid="uid://chm08lhl5t58k" path="res://assets/backgrounds/night/props/rock_2.png" id="15_nwy7i"]
[ext_resource type="Texture2D" uid="uid://ci3qdrjc4cd3g" path="res://assets/backgrounds/night/props/rock_3.png" id="16_bfp1l"]
[ext_resource type="Texture2D" uid="uid://br0nc0uo0d2d3" path="res://assets/backgrounds/night/props/tree_1.png" id="17_2w6a4"]
[ext_resource type="Texture2D" uid="uid://bnej1spjfioye" path="res://assets/backgrounds/night/props/tree_2.png" id="18_5bsnd"]
[ext_resource type="Texture2D" uid="uid://cb1w86j7ks2af" path="res://assets/backgrounds/night/props/tree_3.png" id="19_wnngx"]
[ext_resource type="Texture2D" uid="uid://cn6iwnjpcbnlc" path="res://assets/backgrounds/night/props/tree_4.png" id="20_dfi8j"]

[resource]
script = ExtResource("6_mrlt5")
threshold = 500
visible_sheep_min = 15
visible_sheep_max = 15
visible_props_min = 4
visible_props_max = 7
introduced_cards = Array[Resource("res://model/card_spec.gd")]([ExtResource("1_ng1yg"), ExtResource("2_inx4q"), ExtResource("3_ayspv")])
introduced_sheeps = Array[Resource("res://model/creature_spec.gd")]([ExtResource("4_hi85c"), ExtResource("5_7cgck"), ExtResource("6_4uysm")])
scenario_props = Array[Texture2D]([ExtResource("7_logxf"), ExtResource("8_mi78b"), ExtResource("9_8bshq"), ExtResource("10_ggjh1"), ExtResource("11_jts4a"), ExtResource("12_44l5q"), ExtResource("13_3fcuy"), ExtResource("14_i772i"), ExtResource("15_nwy7i"), ExtResource("16_bfp1l"), ExtResource("17_2w6a4"), ExtResource("18_5bsnd"), ExtResource("19_wnngx"), ExtResource("20_dfi8j")])
